MLB
COLORADO ROCKIES @ WASHINGTON NATIONALS
05/19/2099
 
TOP OF THE 1ST
Colorado Rockies batting - Pitching for Washington Nationals : LHP Manny Arellano
Pitching: LHP Manny Arellano
Batting: SHB Brian Hatcher 0-0: Foul Ball, location: 2F
0-1: Ground out 5-3 (Groundball, 56, EV 95.0 MPH)
Batting: RHB Kosuke Sakai 0-0: Ball
1-0: Foul Ball, location: 9LMF
1-1: Swinging Strike
1-2: Ball
2-2: Strikes out swinging
Batting: RHB Tony Thomas 0-0: Ball
1-0: Ball
2-0: DOUBLE (Line Drive, 7LS, EV 96.9 MPH)
Batting: RHB Ricky Aguilera 0-0: Ball
1-0: Ball
2-0: Ball
3-0: Base on Balls
Batting: LHB Matt Beck 0-0: Called Strike
0-1: Called Strike
0-2: Strikes out swinging
Top of the 1st over - 0 runs, 1 hit, 0 errors, 2 left on base; Colorado 0 - Washington 0
BOTTOM OF THE 1ST
Washington Nationals batting - Pitching for Colorado Rockies : RHP Dave Baldwin
Pitching: RHP Dave Baldwin
Batting: RHB Luis Rivera 0-0: Swinging Strike
0-1: Ball
1-1: Fly out, F8 (Flyball, 8RXD, EV 108.1 MPH)
Batting: RHB Mario Garcia 0-0: Ball
1-0: Ball
2-0: Called Strike
2-1: Foul Ball, location: 7LMF
2-2: Ball
3-2: Ground out 6-3 (Groundball, 56, EV 98.1 MPH)
Batting: LHB Bubba Main 0-0: Ball
1-0: SINGLE (Groundball, 34, EV 103.8 MPH)
Batting: LHB Jose Lara 0-0: Ball
1-0: SINGLE (Groundball, 4MD, EV 103.8 MPH)
Bubba Main to second
Batting: RHB Ryan Carey 0-0: Called Strike
0-1: Fly out, F8 (Flyball, 8RD, EV 108.1 MPH)
Bottom of the 1st over - 0 runs, 2 hits, 0 errors, 2 left on base; Colorado 0 - Washington 0
TOP OF THE 2ND
Colorado Rockies batting - Pitching for Washington Nationals : LHP Manny Arellano
Batting: LHB Jim Davis 0-0: Swinging Strike
0-1: Swinging Strike
0-2: Ball
1-2: Strikes out swinging
Batting: RHB Orlando Serrano 0-0: Ball
1-0: Called Strike
1-1: Ball
2-1: Foul Ball, location: 2F
2-2: Strikes out swinging
Batting: LHB Mike Keatts 0-0: Ball
1-0: Foul Ball, location: 2F
1-1: Ball
2-1: Ball
3-1: Fly out, F2 (Popup, 25F, EV 90.6 MPH)
Top of the 2nd over - 0 runs, 0 hits, 0 errors, 0 left on base; Colorado 0 - Washington 0
BOTTOM OF THE 2ND
Washington Nationals batting - Pitching for Colorado Rockies : RHP Dave Baldwin
Batting: RHB Isaiah Williams 0-0: Called Strike
0-1: Ball
1-1: Ball
2-1: Foul Ball, location: 7LMF
2-2: Ball
3-2: Strikes out swinging
Batting: SHB Kyle Spencer 0-0: Ball
1-0: Foul Ball, location: 25F
1-1: Called Strike
1-2: Ball
2-2: Ball
3-2: Base on Balls
Batting: LHB Juan Chavez 0-0: Called Strike
0-1: Ball
1-1: Ball
2-1: SINGLE (Line Drive, 3D, EV 97.5 MPH)
Kyle Spencer to second
Runner from 2nd tries for 3rd, SAFE, throw by RF made to third
Batting: RHB Danny Amaya 0-0: Swinging Strike
0-1: Ball
1-1: Ball
2-1: Swinging Strike
2-2: Ball
3-2: Foul Ball, location: 9LMF
3-2: Foul Ball, location: 9LMF
3-2: Fly out, F9 (Flyball, 9, EV 86.3 MPH)
Runner from 3rd tags up, SCORES, throw by RF
Batting: RHB Luis Rivera 0-0: Ball
1-0: Swinging Strike
1-1: Ball
2-1: Ball
3-1: Foul Ball, location: 9LMF
3-2: Base on Balls
Juan Chavez to second
Batting: RHB Mario Garcia 0-0: Ball
1-0: Fly out, F8 (Flyball, 8RM, EV 92.5 MPH)
Bottom of the 2nd over - 1 run, 1 hit, 0 errors, 2 left on base; Colorado 0 - Washington 1
TOP OF THE 3RD
Colorado Rockies batting - Pitching for Washington Nationals : LHP Manny Arellano
Batting: LHB Jesus Pena 0-0: Ball
1-0: Called Strike
1-1: Swinging Strike
1-2: Ball
2-2: Foul Ball, location: 2F
2-2: Ball
3-2: Foul Ball, location: 3F
3-2: Foul Ball, location: 2F
3-2: Strikes out swinging
Batting: SHB Brian Hatcher 0-0: Ball
1-0: Ball
2-0: SINGLE (Groundball, 6MD, EV 106.9 MPH)
Batting: RHB Kosuke Sakai 0-0: Ball
1-0: Ball
2-0: Foul Ball, location: 7LMF
2-1: Swinging Strike
2-2: Ball
3-2: SINGLE (Groundball, 25, EV 64.4 MPH) (infield hit)
Brian Hatcher to second
Batting: RHB Tony Thomas 0-0: Ball
1-0: SINGLE (Groundball, 5S, EV 71.9 MPH) (infield hit)
Brian Hatcher to third
Kosuke Sakai to second
Batting: RHB Ricky Aguilera 0-0: Swinging Strike
0-1: SINGLE (Groundball, 56D, EV 96.9 MPH)
Brian Hatcher scores
Kosuke Sakai to third
Tony Thomas to second
Runner from 3rd tries for Home, SAFE, throw by LF to home
Batting: LHB Matt Beck 0-0: Called Strike
0-1: Ball
1-1: Fly out, F3 (Popup, 3SF, EV 80.0 MPH)
Batting: LHB Jim Davis 0-0: Foul Ball, location: 3SF
0-1: Foul Ball, location: 2F
0-2: Ball
1-2: Strikes out looking
Top of the 3rd over - 2 runs, 4 hits, 0 errors, 2 left on base; Colorado 2 - Washington 1
BOTTOM OF THE 3RD
Washington Nationals batting - Pitching for Colorado Rockies : RHP Dave Baldwin
Batting: LHB Bubba Main 0-0: Swinging Strike
0-1: Fly out, F7 (Flyball, 78M, EV 80.0 MPH)
Batting: LHB Jose Lara 0-0: Foul Ball, location: 7LSF
0-1: Ball
1-1: Ball
2-1: Ground out 6-3 (Groundball, 6, EV 84.4 MPH)
Batting: RHB Ryan Carey 0-0: SINGLE (Groundball, 56S, EV 66.9 MPH) (infield hit)
Batting: RHB Isaiah Williams 0-0: Ball
1-0: Foul Ball, location: 23F
1-1: Ball
2-1: Foul Ball, location: 2F
2-2: Ball
3-2: Strikes out swinging
Bottom of the 3rd over - 0 runs, 1 hit, 0 errors, 1 left on base; Colorado 2 - Washington 1
TOP OF THE 4TH
Colorado Rockies batting - Pitching for Washington Nationals : LHP Manny Arellano
Batting: RHB Orlando Serrano 0-0: Ball
1-0: Ball
2-0: Foul Ball, location: 2F
2-1: Foul Ball, location: 2F
2-2: SINGLE (Groundball, 6MD, EV 108.1 MPH)
Batting: LHB Mike Keatts 0-0: Ball
1-0: Ball
2-0: SINGLE (Groundball, 34D, EV 101.9 MPH)
Orlando Serrano to second
Runner from 2nd tries for 3rd, SAFE, throw by RF made to third
Batting: LHB Jesus Pena 0-0: Called Strike
0-1: Swinging Strike
0-2: Ball
1-2: Foul Ball, location: 7LSF
1-2: Fly out, F7 (Flyball, 78M, EV 85.6 MPH)
Runner from 3rd tags up, SCORES, throw by LF
Batting: SHB Brian Hatcher 0-0: Ball
1-0: Ball
2-0: Ball
3-0: Base on Balls
Mike Keatts to second
Batting: RHB Kosuke Sakai 0-0: Ball
1-0: Ball
2-0: Fly out, F5 (Popup, 5SF, EV 80.0 MPH)
Batting: RHB Tony Thomas 0-0: Ball
1-0: Ball
2-0: Called Strike
2-1: Fielders Choice at 3rd, U5 (Groundball, 5L, EV 96.9 MPH)
Top of the 4th over - 1 run, 2 hits, 0 errors, 1 left on base; Colorado 3 - Washington 1
BOTTOM OF THE 4TH
Washington Nationals batting - Pitching for Colorado Rockies : RHP Dave Baldwin
Batting: SHB Kyle Spencer 0-0: Ball
1-0: Called Strike
1-1: Fly out, F8 (Flyball, 8LD, EV 100.6 MPH)
Batting: LHB Juan Chavez 0-0: Called Strike
0-1: Ground out U3 (Groundball, 3, EV 78.1 MPH)
Batting: RHB Danny Amaya 0-0: Ground out U3 (Groundball, 13, EV 83.8 MPH)
Bottom of the 4th over - 0 runs, 0 hits, 0 errors, 0 left on base; Colorado 3 - Washington 1
TOP OF THE 5TH
Colorado Rockies batting - Pitching for Washington Nationals : LHP Manny Arellano
Batting: RHB Ricky Aguilera 0-0: Ground out 6-3 (Groundball, 6, EV 85.0 MPH)
Pitching: LHP Joe Pullen
Batting: LHB Matt Beck 0-0: Foul Ball, location: 2F
0-1: Ball
1-1: Ball
2-1: Fly out, F7 (Flyball, 7LSF, EV 77.5 MPH)
Batting: LHB Jim Davis 0-0: Called Strike
0-1: Swinging Strike
0-2: Strikes out swinging
Top of the 5th over - 0 runs, 0 hits, 0 errors, 0 left on base; Colorado 3 - Washington 1
BOTTOM OF THE 5TH
Washington Nationals batting - Pitching for Colorado Rockies : RHP Dave Baldwin
Batting: RHB Luis Rivera 0-0: Called Strike
0-1: Fly out, F8 (Flyball, 8LD, EV 94.4 MPH)
Batting: RHB Mario Garcia 0-0: Ball
1-0: Called Strike
1-1: Ball
2-1: Foul Ball, location: 7LSF
2-2: Ball
3-2: Strikes out looking
Batting: LHB Bubba Main 0-0: Swinging Strike
0-1: Ball
1-1: Swinging Strike
1-2: Strikes out looking
Bottom of the 5th over - 0 runs, 0 hits, 0 errors, 0 left on base; Colorado 3 - Washington 1
TOP OF THE 6TH
Colorado Rockies batting - Pitching for Washington Nationals : LHP Joe Pullen
Batting: RHB Orlando Serrano 0-0: Ball
1-0: SINGLE (Flyball, 3D, EV 96.3 MPH)
Batting: LHB Mike Keatts 0-0: Foul Ball, location: 2F
0-1: Ball
1-1: SINGLE (Line Drive, 8RS, EV 108.1 MPH)
Orlando Serrano to second
Batting: LHB Jesus Pena 0-0: Called Strike
0-1: Fielders Choice at 2nd, 3-6 (Groundball, 3, EV 76.9 MPH)
Orlando Serrano to third
Batting: SHB Brian Hatcher 0-0: Ball
1-0: Foul Ball, location: 7LMFF
1-1: Foul Ball, location: 7LSF
1-2: Grounds into double play, 6-4-3 (Groundball, 6, EV 108.8 MPH)
Top of the 6th over - 0 runs, 2 hits, 0 errors, 1 left on base; Colorado 3 - Washington 1
BOTTOM OF THE 6TH
Washington Nationals batting - Pitching for Colorado Rockies : RHP Dave Baldwin
Batting: LHB Jose Lara 0-0: Swinging Strike
0-1: Foul Ball, location: 9LMFF
0-2: Ball
1-2: Foul Ball, location: 25FF
1-2: Ball
2-2: Ball
3-2: Foul Ball, location: 5F
3-2: Foul Ball, location: 3FF
3-2: Strikes out looking
Batting: RHB Ryan Carey 0-0: DOUBLE (Flyball, 78D, EV 110.0 MPH)
Batting: RHB Isaiah Williams 0-0: Ground out 6-3 (Groundball, 6, EV 81.3 MPH)
Batting: SHB Kyle Spencer 0-0: SINGLE (Flyball, 56D, EV 88.8 MPH)
Ryan Carey to third
Runner from 3rd tries for Home, SAFE, throw by LF to home
Batting: LHB Juan Chavez 0-0: Ball
1-0: Ball
2-0: Fly out, F3 (Popup, 3F, EV 56.9 MPH)
Bottom of the 6th over - 1 run, 2 hits, 0 errors, 1 left on base; Colorado 3 - Washington 2
TOP OF THE 7TH
Colorado Rockies batting - Pitching for Washington Nationals : LHP Joe Pullen
Pitching: RHP Ricky Maldonado
Batting: RHB Kosuke Sakai 0-0: Called Strike
0-1: Ball
1-1: Ball
2-1: Foul Ball, location: 5FF
2-2: Ball
3-2: Strikes out swinging
Batting: RHB Tony Thomas 0-0: SINGLE (Groundball, 56S, EV 71.3 MPH) (infield hit)
Pinch Hitting: LHB Glenn Sewell 0-0: Ball
1-0: Ball
2-0: Swinging Strike
2-1: Fly out, F5 (Popup, 56S, EV 70.0 MPH)
Batting: LHB Matt Beck 0-0: Ball
1-0: Called Strike
1-1: Called Strike
1-2: Foul Ball, location: 2F
1-2: Strikes out looking
Top of the 7th over - 0 runs, 1 hit, 0 errors, 1 left on base; Colorado 3 - Washington 2
BOTTOM OF THE 7TH
Washington Nationals batting - Pitching for Colorado Rockies : RHP Dave Baldwin
Pitching: RHP Gary Kennedy
Now at 3B: John Stevens
Batting: RHB Danny Amaya 0-0: Ball
1-0: Called Strike
1-1: Foul Ball, location: 5FF
1-2: Ground out 4-3 (Groundball, 4MS, EV 82.5 MPH)
Batting: RHB Luis Rivera 0-0: Ground out 1-3 (Groundball, 13S, EV 67.5 MPH)
Batting: RHB Mario Garcia 0-0: Ground out 4-3 (Groundball, 4S, EV 83.8 MPH)
Bottom of the 7th over - 0 runs, 0 hits, 0 errors, 0 left on base; Colorado 3 - Washington 2
TOP OF THE 8TH
Colorado Rockies batting - Pitching for Washington Nationals : RHP Ricky Maldonado
Batting: LHB Jim Davis 0-0: Swinging Strike
0-1: Foul Ball, location: 2F
0-2: Foul Ball, location: 2F
0-2: Strikes out looking
Batting: RHB Orlando Serrano 0-0: Ball
1-0: Swinging Strike
1-1: Called Strike
1-2: Strikes out swinging
Batting: LHB Mike Keatts 0-0: Ball
1-0: Ground out 4-3 (Groundball, 4S, EV 68.8 MPH)
Top of the 8th over - 0 runs, 0 hits, 0 errors, 0 left on base; Colorado 3 - Washington 2
BOTTOM OF THE 8TH
Washington Nationals batting - Pitching for Colorado Rockies : RHP Gary Kennedy
Batting: LHB Bubba Main 0-0: Ball
1-0: Ball
2-0: DOUBLE (Flyball, 78XD, EV 96.3 MPH)
Batting: LHB Jose Lara 0-0: Ball
1-0: Foul Ball, location: 3F
1-1: Ball
2-1: Fly out, F8 (Flyball, 8LXD, EV 113.8 MPH)
Runner from 2nd tags up, SAFE at 3rd, no throw by CF
Batting: RHB Ryan Carey 0-0: Ball
1-0: Ball
2-0: Foul Ball, location: 7LDF
2-1: Ball
3-1: Foul Ball, location: 9LDF
3-2: Strikes out swinging
Batting: RHB Isaiah Williams 0-0: Ball
1-0: Foul Ball, location: 5FF
1-1: Fly out, F7 (Flyball, 78M, EV 89.4 MPH)
Bottom of the 8th over - 0 runs, 1 hit, 0 errors, 1 left on base; Colorado 3 - Washington 2
TOP OF THE 9TH
Colorado Rockies batting - Pitching for Washington Nationals : RHP Ricky Maldonado
Pitching: RHP Frank Hennessy
Batting: LHB Jesus Pena 0-0: SINGLE (Groundball, 34, EV 81.9 MPH)
Batting: SHB Brian Hatcher 0-0: SINGLE (Line Drive, 78M, EV 102.5 MPH)
Jesus Pena to second
Batting: RHB Kosuke Sakai 0-0: Foul Ball, location: 3SF
0-1: Fly out, F4 (Popup, 34D, EV 66.9 MPH)
Batting: RHB Tony Thomas 0-0: Ball
1-0: Ball
2-0: Ball
3-0: Base on Balls
Jesus Pena to third
Brian Hatcher to second
Batting: RHB John Stevens 0-0: Called Strike
0-1: Ball
1-1: GRAND SLAM HOME RUN (Flyball, 7LD, EV 98.8 MPH), Distance : 356 ft
Pitching: RHP Ben Bergeron
Batting: LHB Matt Beck 0-0: Foul Ball, location: 2F
0-1: Ball
1-1: Ball
2-1: Foul Ball, location: 3F
2-2: Foul Ball, location: 23F
2-2: Ball
3-2: Strikes out swinging
Batting: LHB Jim Davis 0-0: Ball
1-0: Called Strike
1-1: Foul Ball, location: 7LMF
1-2: Foul Ball, location: 2F
1-2: Ball
2-2: Fly out, F6 (Popup, 6, EV 82.5 MPH)
Top of the 9th over - 4 runs, 3 hits, 0 errors, 0 left on base; Colorado 7 - Washington 2
BOTTOM OF THE 9TH
Washington Nationals batting - Pitching for Colorado Rockies : RHP Gary Kennedy
Batting: SHB Kyle Spencer 0-0: Called Strike
0-1: Ball
1-1: Foul Ball, location: 5F
1-2: Foul Ball, location: 7LDF
1-2: Ball
2-2: Ball
3-2: Strikes out swinging
Batting: LHB Juan Chavez 0-0: Called Strike
0-1: Ball
1-1: Ball
2-1: Foul Ball, location: 5F
2-2: Foul Ball, location: 9LSF
2-2: Ball
3-2: Base on Balls
Pitching: RHP Matthew Hodge
Batting: RHB Danny Amaya 0-0: Called Strike
0-1: Ball
1-1: SINGLE (Line Drive, 8LS, EV 101.3 MPH)
Juan Chavez to second
Batting: RHB Luis Rivera 0-0: Foul Ball, location: 5DF
0-1: Ball
1-1: Ball
2-1: Ball
3-1: Swinging Strike
3-2: Grounds into double play, 5-4-3 (Groundball, 56S, EV 80.6 MPH)
Bottom of the 9th over - 0 runs, 1 hit, 0 errors, 1 left on base; Colorado 7 - Washington 2
Saturday, May 4th , 2024 - OOTP Baseball 24.11 Build 85